Map: Invader LE

Players

capac - Winner!

  • Race: Terran Terran
  • League: Gold

A.I. 1 (Elite)

  • Race: Protoss Protoss

VOD

Have the link to the VOD?

Description

Time

  • Played on: April 16, 2016, 2:16 p.m.
  • Length: 12:40
Show
View Real Time Build Order
Export as new Build Order

capac Terran - Winner!

Build Orders: Reaper Expand, MMM Bio 

Get SALT Encoding   

  12  0:01  SCV  
  13  0:13  SCV  
  14  0:18  Supply Depot  
  14  0:25  SCV  
  15  0:40  SCV  
  15  0:42  Barracks  
  16  0:45  Refinery  
  16  0:52  SCV  
  17  1:04  SCV  
  18  1:16  SCV  
  19  1:30  Orbital Command  
  19  1:32  Reaper  
  20  1:42  Command Center  
  20  1:51  Supply Depot  
  20  1:56  SCV  
  21  2:04  Marine  
  22  2:10  Factory  
  22  2:13  SCV  
  23  2:18  Barracks  
  23  2:26  Barracks Reactor  
  23  2:29  Refinery, SCV  
  24  2:41  SCV  
  25  2:53  SCV  
  26  3:09  Starport  
  26  3:10  Barracks Tech Lab  
  26  3:13  Widow Mine, SCV  
  26  3:14  Widow Mine  
  26  3:16  Orbital Command  
  31  3:23  Marine  
  32  3:28  SCV  
  33  3:40  SCV  
  34  3:42  Widow Mine  
  34  3:43  Widow Mine  
  34  3:48  Supply Depot  
  38  3:50  Medivac  
  38  3:54  Marine  
  38  3:55  Marine  
  42  3:59  Stimpack  
  42  4:04  SCV x2  
  44  4:13  Supply Depot  
  44  4:17  Widow Mine x2  
  44  4:20  Marine, Barracks Reactor  
  44  4:22  SCV x2  
  51  4:37  Starport Reactor  
  52  4:38  Marine, SCV x2  
  54  4:45  Refinery  
  54  4:48  Refinery  
  54  4:50  SCV x2  
  56  4:56  Barracks x2, Marine  
  57  5:02  SCV x2  
  57  5:03  Marine x2  
  56  5:21  SCV x2  
  56  5:24  Factory Tech Lab  
  57  5:30  Medivac x2  
  57  5:32  Barracks  
  57  5:33  SCV  
  62  5:35  Supply Depot  
  62  5:38  SCV  
  63  5:45  Supply Depot, SCV  
  63  5:46  Supply Depot  
  63  5:47  Barracks Reactor  
  63  5:48  Barracks Reactor  
  64  5:51  SCV  
  64  5:54  Siege Tank  
  68  6:02  Combat Shields  
  68  6:04  SCV  
  68  6:05  SCV  
  70  6:17  SCV x2  
  70  6:18  Supply Depot  
  72  6:19  Supply Depot  
  72  6:26  Marine x4  
  72  6:27  Marine x2  
  72  6:29  SCV x2  
  72  6:31  Siege Tank  
  83  6:37  Marine x3  
  82  6:40  Medivac  
  82  6:41  SCV x2, Medivac  
  88  6:50  Supply Depot  
  88  6:52  Supply Depot  
  88  6:53  Supply Depot  
  88  7:06  Command Center  
  88  7:07  Starport  
  88  7:15  Supply Depot x2, Marine x2  
  88  7:16  Marine x4  
  94  7:28  Marine x2, SCV x2  
  94  7:29  Marine  
  99  7:33  Marine x3  
  102  7:40  SCV  
  102  7:41  SCV  
  102  7:42  Marine x2  
  102  7:43  Marine  
  102  7:44  Supply Depot, Liberator  
  107  7:45  Starport Reactor, Liberator  
  107  7:46  Marine x2  
  107  7:47  Marauder  
  107  7:48  Concussive Shells  
  107  7:51  Marine, Siege Tank  
  111  7:52  SCV  
  122  8:06  Marine x6  
  122  8:07  Marine  
  122  8:08  Marauder, Liberator x2  
  131  8:20  Orbital Command  
  137  8:27  SCV x2  
  137  8:31  Marine x2  
  137  8:32  Marine x5  
  137  8:33  Marine  
  147  8:39  SCV  
  148  8:42  Barracks  
  148  8:45  Barracks  
  148  8:49  SCV x2  
  148  8:51  SCV  
  148  8:52  Marine x2  
  148  8:53  Marine  
  154  8:59  Refinery  
  154  9:00  Refinery  
  154  9:02  Medivac x2  
  158  9:12  Command Center  
  158  9:15  Marine x2  
  158  9:16  Marine x4  
  158  9:17  Marine x2  
  164  9:18  Marauder  
  168  9:24  SCV x2  
  168  9:25  SCV  
  167  9:36  SCV  
  153  9:55  Marine x4  
  153  9:56  Marine x2  
  153  9:57  Barracks Tech Lab x2  
  159  10:00  Marine x3  
  159  10:06  SCV x3  
  165  10:18  SCV x3  
  168  10:23  Marine x3  
  168  10:24  Marine x3  
  168  10:25  Marauder x3  
  179  10:46  Marauder x3  
  185  10:51  Marine x5  
  185  10:52  Marine x3  
  185  10:54  Siege Tank  
  196  11:45  Marine x3  
  196  11:56  Marine  
  196  12:01  Marine  
  196  12:02  Marine  
Show
View Real Time Build Order
Export as new Build Order

A.I. 1 (Elite) Protoss 

Build Orders: Zealot Archon 

Get SALT Encoding   

  12  0:01  Probe (Chrono Boost)  
  13  0:11  Probe (Chrono Boost)  
  14  0:20  Pylon  
  14  0:22  Probe (Chrono Boost)  
  15  0:38  Probe (Chrono Boost)  
  16  0:47  Assimilator  
  16  0:49  Probe (Chrono Boost)  
  17  0:52  Gateway  
  17  0:59  Probe (Chrono Boost), Pylon  
  18  1:10  Probe (Chrono Boost)  
  19  1:20  Probe (Chrono Boost)  
  20  1:31  Probe (Chrono Boost)  
  21  1:38  Zealot  
  21  1:42  Probe (Chrono Boost)  
  21  1:46  Nexus  
  24  1:54  Probe (Chrono Boost)  
  25  2:03  Cybernetics Core  
  25  2:13  Gateway  
  25  2:20  Pylon  
  25  2:22  Zealot  
  25  2:28  Probe (Chrono Boost)  
  27  2:32  Warp Gate  
  27  2:40  Probe (Chrono Boost)  
  27  2:43  Assimilator  
  28  2:49  Adept  
  28  2:51  Probe (Chrono Boost)  
  31  2:58  Adept  
  31  3:00  Probe (Chrono Boost)  
  31  3:02  Probe (Chrono Boost)  
  35  3:08  Pylon  
  36  3:13  Probe (Chrono Boost)  
  36  3:17  Stalker  
  38  3:23  Stalker  
  40  3:30  Probe (Chrono Boost)  
  41  3:37  Gateway  
  41  3:39  Probe (Chrono Boost)  
  42  3:45  Stalker  
  42  3:48  Probe (Chrono Boost)  
  45  3:51  Stalker  
  48  3:57  Probe (Chrono Boost)  
  48  3:59  Probe (Chrono Boost)  
  49  4:08  Probe (Chrono Boost)  
  51  4:11  Probe (Chrono Boost)  
  51  4:13  Stalker  
  53  4:20  Probe (Chrono Boost), Stalker  
  53  4:22  Probe (Chrono Boost)  
  53  4:23  Stalker  
  57  4:30  Pylon  
  60  4:32  Probe (Chrono Boost)  
  60  4:33  Probe (Chrono Boost)  
  61  4:39  Pylon  
  61  4:43  Probe (Chrono Boost)  
  62  4:49  Probe (Chrono Boost)  
  62  4:50  Stalker  
  65  4:54  Probe (Chrono Boost)  
  65  4:57  Stalker  
  69  5:00  Probe (Chrono Boost)  
  69  5:01  Stalker  
  69  5:03  Pylon  
  69  5:06  Probe (Chrono Boost)  
  72  5:09  Pylon  
  72  5:12  Probe (Chrono Boost)  
  72  5:13  Robotics Facility  
  73  5:15  Stalker  
  73  5:17  Probe (Chrono Boost)  
  62  5:23  Probe (Chrono Boost)  
  62  5:27  Forge  
  64  5:42  Probe (Chrono Boost)  
  64  5:45  Probe (Chrono Boost)  
  64  5:47  Twilight Council  
  63  5:59  Observer  
  63  6:03  Photon Cannon  
  64  6:04  Photon Cannon  
  64  6:06  Probe (Chrono Boost)  
  64  6:10  Probe (Chrono Boost)  
  66  6:17  Probe (Chrono Boost)  
  62  6:21  Probe (Chrono Boost)  
  62  6:24  Zealot, Sentry  
  67  6:28  Probe (Chrono Boost)  
  69  6:32  Probe (Chrono Boost)  
  69  6:36  Pylon  
  69  6:39  Probe (Chrono Boost)  
  70  6:41  Pylon  
  70  6:43  Probe (Chrono Boost)  
  71  6:50  Probe (Chrono Boost)  
  71  6:54  Probe (Chrono Boost)  
  73  7:00  Probe (Chrono Boost)  
  74  7:04  Templar Archives, Probe (Chrono Boost)  
  74  7:05  Assimilator  
  75  7:11  Probe (Chrono Boost)  
  75  7:15  Probe (Chrono Boost)  
  77  7:18  Protoss Ground Weapons Level 1  
  77  7:20  Sentry  
  77  7:22  Probe (Chrono Boost), Forge  
  80  7:25  Gateway  
  80  7:28  Nexus  
  80  7:33  Probe (Chrono Boost)  
  80  7:34  Probe (Chrono Boost)  
  82  7:41  Zealot  
  82  7:43  High Templar x2  
  89  7:45  Probe (Chrono Boost)  
  89  7:51  Protoss Ground Armor Level 1  
  89  7:54  Assimilator  
  89  7:57  Archon  
  89  8:00  Zealot  
  91  8:12  High Templar, Pylon  
  93  8:14  Zealot  
  93  8:18  Zealot  
  93  8:19  Zealot  
  99  8:34  High Templar  
  99  8:38  High Templar  
  99  8:41  Probe x2 (Chrono Boost)  
  106  8:42  Probe (Chrono Boost)  
  106  8:48  Archon  
  106  8:52  Probe (Chrono Boost)  
  106  8:53  High Templar, Nexus, Assimilator  
  106  8:54  Probe x2 (Chrono Boost)  
  111  8:58  Assimilator  
  111  9:04  Probe (Chrono Boost)  
  111  9:05  Probe (Chrono Boost)  
  111  9:06  Probe (Chrono Boost), Psionic Storm  
  114  9:15  Probe (Chrono Boost)  
  116  9:17  Probe (Chrono Boost)  
  116  9:18  Probe (Chrono Boost)  
  116  9:21  Pylon  
  117  9:24  High Templar  
  117  9:27  Probe (Chrono Boost)  
  117  9:28  Zealot x3  
  117  9:29  Probe (Chrono Boost)  
  117  9:30  Probe (Chrono Boost)  
  101  9:38  Probe (Chrono Boost)  
  101  9:40  Probe (Chrono Boost)  
  77  9:47  Probe (Chrono Boost), Zealot, Adept  
  77  9:48  Sentry  
  77  9:50  Probe (Chrono Boost)  
  77  9:51  Observer  
  77  9:52  Probe (Chrono Boost)  
  87  9:54  Zealot  
  87  9:59  Probe (Chrono Boost)  
  90  10:01  Probe (Chrono Boost)  
  90  10:06  Zealot  
  94  10:07  Probe (Chrono Boost), Zealot  
  94  10:08  Probe (Chrono Boost)  
  94  10:09  Stalker  
  94  10:13  High Templar  
  101  10:14  Assimilator  
  101  10:18  Stargate  
  101  10:25  Stalker, Adept, Assimilator  
  99  10:30  Zealot  
  79  10:38  Pylon  
  79  10:41  Probe (Chrono Boost)  
  79  10:42  Zealot  
  79  10:43  Probe (Chrono Boost)  
  79  10:45  Stalker  
  79  10:48  Adept  
  83  10:53  Probe (Chrono Boost)  
  83  10:54  Probe (Chrono Boost)  
  83  10:59  Adept  
  83  11:00  Probe (Chrono Boost)  
  83  11:01  Phoenix  
  84  11:05  Probe (Chrono Boost)  
  84  11:06  Probe (Chrono Boost), Stalker, Zealot  
  85  11:12  Probe (Chrono Boost)  
  85  11:16  Probe (Chrono Boost)  
  85  11:17  Probe (Chrono Boost)  
  85  11:18  Zealot  
  85  11:23  Probe (Chrono Boost)  
  85  11:25  Phoenix  
  81  11:26  Stalker  
  81  11:27  Probe (Chrono Boost)  
  81  11:28  Zealot  
  84  11:35  Probe (Chrono Boost)  
  84  11:38  Sentry  
  84  11:39  Probe (Chrono Boost)  
  61  11:47  Zealot, Stalker  
  63  12:00  Adept  
  46  12:06  Zealot  
Tags
 
Add a new tag
Caveats
  • Supply blocks, unpowered buildings, or Contaminate may cause inaccurate times.
  • Supply counts are checked every 10 seconds.